 Dungeon Crawl Stone Soup version 0.18.1-48-g4cf74bf (webtiles) character file.

86 Joat the Magician (level 4, 0/24 HPs)
             Began as a Deep Elf Wizard on July 26, 2016.
             Killed by divine providence
             ... invoked by an orc priest
              (10 damage)
             ... on level 3 of the Dungeon.
             The game lasted 00:32:05 (3269 turns).

Joat the Magician (Deep Elf Wizard)                 Turns: 3269, Time: 00:32:06

Health: 0/24       AC:  2    Str:  4    XL:     4   Next: 26%
Magic:  8/14       EV: 13    Int: 24    God:
Gold:   38         SH:  0    Dex: 13    Spells: 3 memorised, 9 levels left

rFire  . . .     SeeInvis .     u - +0 mace
rCold  . . .     Gourm    .     a - +0 robe
rNeg   . . .     Faith    .     (no shield)
rPois  +         Spirit   .     b - +0 hat
rElec  .         Dismiss  .     (no cloak)
rCorr  .         Reflect  .     (no gloves)
SustAt .         Harm     .     (no boots)
MR     .....                    (no amulet)
Stlth  ++........               (no ring)
                                m - ring of poison resistance

@: very slightly contaminated, not resistant to hostile enchantments, unstealthy
A: no striking features
a: no special abilities


You were on level 3 of the Dungeon.
You were not hungry.

You visited 1 branch of the dungeon, and saw 3 of its levels.

You collected 38 gold pieces.

Inventory:

Hand Weapons
 i - a +1 spear of piercing
 k - a +0 dagger
 t - a +0 whip
 u - a +0 mace (weapon)
Missiles
 e - 69 arrows
 f - 11 poisoned needles (quivered)
 q - 13 stones
Armour
 a - a +0 robe (worn)
 b - a +0 hat (worn)
Jewellery
 m - a ring of poison resistance (left hand)
Wands
 p - a wand of flame (6/48)
Scrolls
 g - a scroll of identify {unknown}
 h - a scroll of random uselessness {unknown}
 n - a scroll of enchant armour {unknown}
 o - a scroll of teleportation {unknown}
 r - 2 scrolls of blinking {unknown}
 w - a scroll of fear {unknown}
 y - a scroll of noise {unknown}
Potions
 j - 2 potions of berserk rage {unknown}
 l - 2 potions of agility {unknown}
 s - a potion of cancellation {unknown}
 x - 2 potions of haste {unknown}
 z - a potion of mutation {unknown}
 A - a potion of resistance {unknown}
Books
 c - a book of Minor Magic

   Spells                             Type                      Level
   a - Magic Dart                     Conjuration                  1
   b - Blink                          Translocation                2
   c - Call Imp                       Summoning                    2
   d - Repel Missiles                 Charms/Air                   2
   e - Slow                           Hexes                        2
   f - Conjure Flame                  Conjuration/Fire             3
   g - Mephitic Cloud                 Conjuration/Poison/Air       3
Comestibles
 d - 2 bread rations


   Skills:
 - Level 0.1 Fighting
 + Level 2.9 Dodging
 * Level 3.0 Stealth
 * Level 6.1 Spellcasting
 + Level 1.8 Conjurations
   Level 1.1 Summonings
 + Level 1.2 Translocations


You had 9 spell levels left.
You knew the following spells:

 Your Spells              Type           Power        Failure   Level  Hunger
a - Magic Dart            Conj           ###.         4%          1    None
b - Blink                 Tloc           N/A          10%         2    None
c - Conjure Flame         Conj/Fire      ##......     21%         3    #......


Dungeon Overview and Level Annotations

Branches:
Dungeon (3/15)

Altars:
Dithmenos
Xom


Message History

The orc priest is lightly wounded.
Casting: Magic Dart
Confirm with . or Enter, or press ? or * to list all spells.
Aiming: Magic Dart
Press: ? - help, Shift-Dir - straight line, f/p - orc priest
Aim: an orc priest, wielding a mace and wearing a leather armour (lightly wounded)
The magic dart hits the orc priest.
The orc priest is lightly wounded.
The orc priest invokes the aid of Beogh against you.
You barely resist.
Casting: Magic Dart
Confirm with . or Enter, or press ? or * to list all spells.
Aiming: Magic Dart
Press: ? - help, Shift-Dir - straight line, f/p - orc priest
Aim: an orc priest, wielding a mace and wearing a leather armour (lightly wounded)
The magic dart hits the orc priest.
The orc priest is moderately wounded.
The orc priest calls down the wrath of Beogh upon you.
Beogh smites you!
You die...

#.. #.#... # #. #.# #.#...
#. #.# #.# #.#... #.. #.#
#.# #..... #>##.# #.#
#...o. .....# #.# #.....
#.#..# #.# #.....
#.#..######.######..###
#.#...@..o......)...# #
#.#.......#########.# #
#.....##### #.# #
.########...#############.#
#
..........................#
#
..........#################
# ########### #


You could see an orc priest.

Vanquished Creatures
  3 adders (D:2)
  A worm (D:2)
  A dart slug (D:3)
  4 giant geckos (D:2)
  An orc (D:3)
  6 bats
  7 giant cockroaches
  5 goblins
  2 hobgoblins
  4 jackals (D:2)
  3 giant newts
  3 kobolds
  7 rats
47 creatures vanquished.

Notes
Turn   | Place    | Note
--------------------------------------------------------------
     0 | D:1      | Joat the Deep Elf Wizard began the quest for the Orb.
     0 | D:1      | Reached XP level 1. HP: 10/10 MP: 7/7
   327 | D:1      | Reached XP level 2. HP: 13/15 MP: 4/9
   331 | D:1      | Learned a level 2 spell: Blink
   337 | D:1      | Reached skill level 5 in Spellcasting
   790 | D:2      | Found a shimmering altar of Xom.
  1355 | D:2      | Reached XP level 3. HP: 7/19 MP: 12/12
  1721 | D:1      | Learned a level 3 spell: Conjure Flame
  2255 | D:2      | Found a shadowy altar of Dithmenos.
  2414 | D:2      | Reached skill level 6 in Spellcasting
  2533 | D:2      | Reached XP level 4. HP: 24/24 MP: 10/14
  3269 | D:3      | Killed from afar by an orc priest

Skill      XL: |  1  2  3  4 |
---------------+-------------+-----
Spellcasting   | 5 6 |  6.1
Stealth        | 3 |  3.0
Fighting       | |  0.1
Dodging        | |  2.9
Conjurations   | |  1.8
Summonings     | |  1.1
Translocations | |  1.2

Action                   |  1- 3 |  4- 6 || total
-------------------------+-------+-------++-------
Melee: Spear             |    59 |       ||    59
       Unarmed           |     3 |       ||     3
       Mace              |     4 |     6 ||    10
 Cast: Magic Dart        |    58 |    26 ||    84
       Blink             |    11 |     3 ||    14
Evoke: Wand              |     3 |       ||     3
  Eat: Chunk             |     2 |     2 ||     4
       Beef jerky        |     2 |       ||     2
Armor: Robe              |    27 |       ||    27
Dodge: Dodged            |    90 |     3 ||    93
